 Dungeon Crawl Stone Soup version 0.14-a0-1361-g0512ea0 (webtiles) character file.

61 4tharraofdagon the Scratcher (level 2, -1/12 HPs)
             Began as a Felid Transmuter on Dec 7, 2013.
             Slain by a rat (3 damage)
             ... on Level 2 of the Dungeon.
             The game lasted 00:01:46 (616 turns).

4tharraofdagon the Scratcher (Felid Transmuter)      Turns: 616, Time: 00:01:46

HP  -1/12        AC  1     Str  6      XL: 2   Next: 79%
MP   4/5         EV 18     Int 14      God:
Gold 37          SH  0     Dex 16      Spells:  1 memorised,  4 levels left
Lives: 0, deaths: 0

rFire  . . .     SeeInvis +       - Unarmed
rCold  . . .     Clarity  .     (armour unavailable)
rNeg   . . .     Conserve .     (shield unavailable)
rPois  .         rCorr    .     (helmet unavailable)
rElec  .         rRot     .     (cloak unavailable)
SustAb . .       Spirit   .     (gloves unavailable)
rMut   .         Warding  .     (boots unavailable)
Saprov . . .     Stasis   .     (no amulet)
                                (no ring)
                                (no ring)

@: appendage (expiring), exhausted, mildly poisoned, quick, slightly resistant
to hostile enchantments, fairly stealthy
A: paw claws, no armour, no advanced items, fangs 3, horns 2, see invisible,
carnivore 3, speed 1, shaggy fur 1, slow metabolism 1, jump 1
a: Jump Attack, End Transformation


You were on level 2 of the Dungeon.
You were very full.
You had grown temporary horns.
You visited 1 branch of the dungeon, and saw 2 of its levels.

You collected 37 gold pieces.

Inventory:

Missiles
 b - 12 arrows
Comestibles
 a - a meat ration
Scrolls
 c - 2 scrolls of curse jewellery {unknown}
 e - 3 scrolls of identify {unknown}
 g - a scroll of magic mapping {unknown}
Potions
 f - a potion of confusion {unknown}
 h - a potion of magic {unknown}
Books
 d - a book of Changes

   Spells                             Type                      Level
   *Beastly Appendage                 Transmutation                1
   Sticks to Snakes                   Transmutation                2
   Spider Form                        Transmutation/Poison         3
   Ice Form                           Ice/Transmutation            4
   Blade Hands                        Transmutation                5


   Skills:
 + Level 1.5 Fighting
 + Level 3.2 Dodging
 * Level 3.6 Unarmed Combat
 - Level 2.0 Spellcasting
 - Level 2.1 Transmutations


You had 4 spell levels left.
You knew the following spells:

 Your Spells              Type           Power        Failure   Level  Hunger
a - Beastly Appendage     Trmt           #.....       12%         1    ##.....


Dungeon Overview and Level Annotations

Branches:
Dungeon (2/16)

Altars:


Innate Abilities, Weirdness & Mutations

You cannot wear armour.
You are incapable of any advanced item manipulation.
Your paws have sharp claws.
You have razor-sharp teeth.
You have supernaturally acute eyesight.
You are carnivorous and can eat meat at any time.
You cover ground quickly.
You are covered in fur (AC +1).
You have a slow metabolism.
You can jump attack at a short distance.
You have a pair of horns on your head.


Message History

The adder poisons you!
Found a runed robe.
You claw the adder!
The adder begins to bleed from its wounds!
The adder is severely wounded.
The adder bites you. The adder completely misses you.
You miss the adder.
The adder is severely wounded.
The adder bites you.
* * * LOW HITPOINT WARNING * * *
You miss the adder. Your headbutt misses the adder.
The adder is severely wounded.
The rat bites you.
* * * LOW HITPOINT WARNING * * *
The adder closely misses you.
You miss the adder. Your bite misses the adder.
The adder is severely wounded.
Your transformation is almost over.
The rat bites you.
You die...

... ..# .. #.##.[#
#....... ##........
#......... #..........
.#..# #..........
....#..####.@r.......
.....#..#.....S...##..
...................##
..........#..........#
S..........#....#####.#
...........###'######.#
...........###.........
.#+#####.......######.#
.#................#


You could see an adder (bleeding) and a rat.

Vanquished Creatures
  An adder (D:2)
  An ooze (D:2)
  3 bats (D:2)
  3 giant cockroaches
  A goblin (D:1)
  A hobgoblin (D:1)
  3 kobolds (D:2)
  A rat (D:2)
14 creatures vanquished.

Notes
Turn   | Place    | Note
--------------------------------------------------------------
     0 | D:1      | 4tharraofdagon, the Felid Transmuter, began the quest for the Orb.
     0 | D:1      | Reached XP level 1. HP: 9/9 MP: 4/4
   468 | D:2      | Reached XP level 2. HP: 9/12 MP: 5/5
   616 | D:2      | Slain by a rat

Action                   || total
-------------------------++-------
Melee: Unarmed           ||    62
 Cast: Beastly Appendage ||     2
 Abil: Jump Attack       ||     1
 Stab: Sleeping          ||     1
